 Dungeon Crawl Stone Soup version 0.27-a0-1196-g3e9cee4cb2 (webtiles) character file.

Game seed: 14175550885976790576

527 freelancePsychic the Shooter (level 7, 0/56 HPs)
             Began as a Human Hunter on May 29, 2021.
             Slain by a gnoll
             ... wielding a +0 spear
              (3 damage)
             ... on level 4 of the Dungeon.
             The game lasted 00:07:19 (4125 turns).

freelancePsychic the Shooter (Human Hunter)         Turns: 4125, Time: 00:07:20

Health: 0/56       AC:  7    Str: 14    XL:     7   Next: 47%
Magic:  7/7        EV: 13    Int: 12    God:
Gold:   163        SH:  0    Dex: 13    Spells: 6/6 levels left

rFire    . . .     SeeInvis .   d - +0 spear (vamp)
rCold    . . .     Faith    .   (no shield)
rNeg     . . .     Spirit   .   l - +1 scale mail
rPois    .         Reflect  .   p - +0 hat
rElec    .         Harm     .   (no cloak)
rCorr    .         Rampage  .   (no gloves)
Will     .....                  (no boots)
Stlth    ..........             (no amulet)
HPRegen  0.18/turn              f - +4 ring of evasion
MPRegen  0.10/turn              (no ring)

@: no status effects
A: no striking features
a: no special abilities


You were on level 4 of the Dungeon.
You visited 1 branch of the dungeon, and saw 4 of its levels.

You collected 163 gold pieces.

Inventory:

Hand Weapons
 a - a +1 shortbow
 b - a +0 short sword
 d - a +0 vampiric spear (weapon)
 i - a +0 hunting sling
Missiles
 j - 59 stones (quivered)
 q - a throwing net
Armour
 l - a +1 scale mail (worn)
 p - a +0 hat (worn)
Jewellery
 f - a +4 ring of evasion (left hand)
 h - a ring of poison resistance
Scrolls
 k - 2 scrolls of enchant armour
 m - 2 scrolls of amnesia
Potions
 n - a potion of heal wounds {unknown}


   Skills:
 + Level 5.5 Fighting
 + Level 6.6 Bows
 - Level 2.0 Dodging
 - Level 1.0 Stealth


You had 6 spell levels left.
You didn't know any spells.
Your spell library was empty.

Dungeon Overview and Level Annotations

Branches:
Dungeon (4/15)
 Temple: D:4-7

Altars:


Message History

You barely miss the gnoll.
The gnoll is heavily wounded.
Your transformation is almost over.
The gnoll hits you with a +0 flail.
* * * LOW HITPOINT WARNING * * *
The gnoll hits you but does no damage.
You feel better. The gnoll hits you with a +0 flail.
The gnoll hits you but does no damage.
You hit the gnoll but do no damage.
The gnoll is moderately wounded.
The gnoll hits you but does no damage. x2
You barely miss the gnoll.
The gnoll is moderately wounded.
The gnoll hits you but does no damage. x2
You hit the gnoll but do no damage.
The gnoll is moderately wounded.
The gnoll hits you but does no damage. x2
You hit the gnoll.
The gnoll is severely wounded.
The gnoll hits you but does no damage.
The gnoll hits you from afar with a +0 spear.
* * * LOW HITPOINT WARNING * * *
The gnoll hits you with a +0 flail!
* * * LOW HITPOINT WARNING * * *
You hit the gnoll.
You feel better.
The gnoll is almost dead.
The gnoll hits you but does no damage. x2
You barely miss the gnoll.
The gnoll is almost dead.
You feel less wooden.
Your +0 hat unmelds from your body.
Your +1 scale mail unmelds from your body.
The gnoll hits you from afar with a +0 spear.
* * * LOW HITPOINT WARNING * * *
The gnoll hits you with a +0 flail.
* * * LOW HITPOINT WARNING * * *
You hit the gnoll.
You feel better.
You kill the gnoll!
The gnoll hits you from afar with a +0 spear.
You die...

.....(...............
≈≈≈≈≈((...≈≈≈≈≈≈≈≈≈≈≈
≈≈≈≈≈≈....≈≈≈≈≈≈≈≈≈≈≈
≈(≈≈≈≈.†).≈≈≈≈≈≈≈≈≈≈≈
...?.................
#########+..+###########
#.......#..).# (
#.^....)#g...#..((
#...)..@))().(((.(
#.################ #


You could see a gnoll.

Vanquished Creatures
  A phantom (D:4)
  A kobold brigand (D:4)
  3 jellies (D:4)
  2 hounds (D:4)
  4 adders
  9 gnolls (D:4)
  An adder skeleton (D:4)
  A worm (D:2)
  A dart slug (D:3)
  7 orcs (D:4)
  9 ball pythons
  2 endoplasms
  2 giant cockroaches (D:1)
  3 goblins
  4 hobgoblins
  11 jackals
  2 kobolds (D:2)
  A quokka (D:2)
  6 bats
  2 frilled lizards (D:2)
  4 rats
76 creatures vanquished.

Notes
Turn   | Place    | Note
-------+----------+-------------------------------------------
     0 | D:1      | freelancePsychic the Human Hunter began the quest for the
                  | Orb.
     0 | D:1      | Reached XP level 1. HP: 16/16 MP: 1/1
   839 | D:2      | Reached XP level 2. HP: 22/22 MP: 2/2
   929 | D:1      | Reached XP level 3. HP: 28/28 MP: 3/3
  1449 | D:2      | Reached XP level 4. HP: 25/35 MP: 4/4
  2053 | D:3      | Found a faded altar of an unknown god.
  2789 | D:4      | Reached skill level 5 in Bows
  2838 | D:4      | Reached XP level 5. HP: 42/42 MP: 5/5
  3394 | D:4      | Noticed a black bear
  3559 | D:4      | Noticed a phantom
  3585 | D:4      | Killed a phantom
  3586 | D:4      | Reached XP level 6. HP: 22/49 MP: 6/6
  3792 | D:4      | Reached skill level 6 in Bows
  3869 | D:4      | Reached skill level 5 in Fighting
  3869 | D:4      | Reached XP level 7. HP: 35/56 MP: 7/7
  4124 | D:4      | HP: 2/56 [gnoll/+0 flail (6)]
  4125 | D:4      | Slain by a gnoll

Illustrated notes

Levels and vault maps discovered:
D:1:      lemuel_arrival_lava_pool, layout_loops_corners
D:2:      layout_basic, minmay_tree_intersection
D:3:      layout_basic, ebering_ecumenical_altar_hall
D:4:      lemuel_castle_with_subvaults [lemuel_castle_interior_carwin_3],
          layout_basic

Skill      XL: |  1  2  3  4  5  6 |
---------------+-------------------+-----
Fighting       | 3 4 5 |  5.5
Bows           | 5 6 |  6.6
Dodging        | |  2.0
Stealth        | |  1.0

Action                   |  1- 3 |  4- 6 |  7- 9 || total
-------------------------+-------+-------+-------++-------
Melee: Short sword       |    22 |   128 |       ||   150
       Spear             |       |       |    70 ||    70
 Fire: Shortbow          |    70 |    89 |    34 ||   193
  Use: Scroll            |       |     3 |     2 ||     5
       Potion            |       |       |     4 ||     4
Armor: Leather armour    |     8 |       |       ||     8
       Scale mail        |     8 |    82 |    13 ||   103
       Skin              |       |       |    43 ||    43
Dodge: Dodged            |    84 |   127 |    37 ||   248

Table legend: (Time is in decaauts)
 A = Elapsed time spent in this place.
 B = Non-inter-level travel time spent in this place.
 C = Inter-level travel time spent in this place.
 D = Time resting spent in this place.
 E = Time spent auto-exploring this place.
 F = Levels seen in this place.
 G = Mean time per level.
                   A        B        C        D        E       F      G
               +--------+--------+--------+--------+--------+-----+--------+
         Total |   4152 |   4020 |    132 |      0 |   3266 |   4 | 1038.0 |
       Dungeon |   4152 |   4020 |    132 |      0 |   3266 |   4 | 1038.0 |
               +--------+--------+--------+--------+--------+-----+--------+

Top non-repeatable levels by time:
     D:4: 1418 daAuts
     D:2: 996 daAuts
     D:1: 921 daAuts
     D:3: 816 daAuts
